 Dungeon Crawl Stone Soup version 0.23.2-33-g5129a83184 (webtiles) character file.

Game seed: 15237974269967665729

38205 t4s4d4r the Nimble (level 13, -2/60 HPs)
             Began as a Felid Earth Elementalist on July 3, 2019.
             Was the Champion of Nemelex Xobeh.
             Killed from afar by a naga (10 damage)
             ... with a splash of poison
             ... on level 1 of the Snake Pit.
             The game lasted 01:53:48 (49172 turns).

t4s4d4r the Nimble (Felid Earth Elementalist)      Turns: 49172, Time: 01:53:49

Health: -2/60      AC:  9    Str:  4    XL:     13   Next: 62%
Magic:  7/26       EV: 28    Int: 25    God:    Nemelex Xobeh [******]
Gold:   1980       SH:  3    Dex: 16    Spells: 2/29 levels left
                                        Lives:  0   Deaths: 4

rFire    . . .     SeeInvis +     - Unarmed
rCold    + . .     Gourm    .   (shield unavailable)
rNeg     . . .     Faith    .   (armour unavailable)
rPois    .         Spirit   .   (helmet unavailable)
rElec    .         Reflect  +   (cloak unavailable)
rCorr    .         Harm     .   (gloves unavailable)
MR       +++..                  (boots unavailable)
Stlth    +++++.....             x - +3 amulet of reflection
HPRegen  0.20/turn              H - +6 ring of protection
MPRegen  0.20/turn              W - ring of the Mage {Wiz MR++ Int+3}

@: lethally poisoned (-2 -> -4), quick
A: very small, no armour, no weapons or thrown items, stealth, claws 1, fangs 3,
see invisible, carnivore, speed 1, shaggy fur 3, slow metabolism 1, sharp paws
a: Draw Escape, Draw Destruction, Draw Summoning, Triple Draw, Deal Four, Stack
Five, Renounce Religion


You were on level 1 of the Snake Pit.
You worshipped Nemelex Xobeh.
Nemelex Xobeh was exalted by your worship.
You were hungry.

You visited 4 branches of the dungeon, and saw 25 of its levels.
You also visited: Bailey and Gauntlet.

You collected 2115 gold pieces.
You spent 135 gold pieces at shops.

Inventory:

Missiles
 b - 318 stones
Armour
 O - the +1 cloak of Starlight {rElec rC+ EV+4 Stlth--, pretty rag}
   (You found it on level 13 of the Dungeon)

   It affects your evasion (+4).
   It protects you from cold.
   It insulates you from electricity.
   It makes you much less stealthy.
Jewellery
 g - an uncursed ring of poison resistance
 i - an uncursed amulet of rage
 n - an uncursed ring of protection from fire
 s - an uncursed ring of magical power
 x - a +3 amulet of reflection (around neck)
 C - an uncursed amulet of the acrobat
 E - an uncursed amulet of regeneration
 H - a +6 ring of protection (left paw)
 I - an uncursed amulet of magic regeneration
 M - the ring of Elyvilon's Pride {+Fly rElec MP+9 Int-2}
   (You found it on level 5 of the Lair of Beasts)

   [ring of magical power]

   It affects your intelligence (-2).
   It insulates you from electricity.
   It affects your magic capacity (+9).
   It lets you fly.
 W - the ring of the Mage (right paw) {Wiz MR++ Int+3}
   (You found it in a Gauntlet)

   [ring of wizardry]

   It improves your spell success rate.
   It affects your intelligence (+3).
   It affects your resistance to hostile enchantments.
 X - an uncursed ring of positive energy {unknown}
Wands
 y - a wand of iceblast (17)
 A - a wand of random effects (59)
 B - a wand of polymorph (38)
 D - a wand of disintegration (34)
 J - a wand of digging (9)
 P - a wand of paralysis (19)
 Q - a wand of clouds (5)
 T - a wand of enslavement (4)
 V - a wand of scattershot (4)
Scrolls
 f - 10 scrolls of teleportation
 h - 4 scrolls of fear
 j - 2 scrolls of magic mapping
 o - 7 scrolls of amnesia
 q - 10 scrolls of remove curse
 v - a scroll of fog
 F - a scroll of silence
 L - 2 scrolls of immolation
 S - 3 scrolls of blinking
Potions
 a - 8 potions of heal wounds
 d - 3 potions of mutation
 e - 2 potions of berserk rage
 k - 4 potions of lignification
 l - 3 potions of resistance
 m - a potion of haste
 r - 4 potions of ambrosia
 t - 9 potions of curing
 u - 4 potions of flight
 w - 4 potions of brilliance
 z - 3 potions of invisibility
 N - 4 potions of might
Miscellaneous
 G - a fan of gales
 K - 2 phantom mirrors
 U - a sack of spiders
Comestibles
 c - 44 rations


   Skills:
 - Level 9.1 Fighting
 - Level 12.7 Dodging
 - Level 11.9 Stealth
 - Level 8.6 Unarmed Combat
 - Level 8.8 Spellcasting
 - Level 4.0 Conjurations
 * Level 7.3 Summonings
 * Level 11.1 Translocations
 - Level 7.1 Transmutations
 - Level 12.1 Earth Magic
 - Level 7.8 Invocations
 - Level 6.1 Evocations


You had 2 spell levels left.
You knew the following spells:

 Your Spells              Type           Power        Failure   Level  Hunger
a - Sandblast             Erth           ######       1%          1    None
b - Stone Arrow           Conj/Erth      ######       1%          3    None
c - Lee's Rapid Deconstr  Erth           ######....   1%          5    ####...
d - Petrify               Tmut/Erth      ######..     1%          4    ##.....
e - Blink                 Tloc           N/A          1%          2    None
f - Confusing Touch       Hex            ##....       2%          1    None
g - Summon Lightning Spi  Summ/Air       ####....     4%          4    ##.....
h - Malign Gateway        Summ/Tloc      ######....   38%         7    #######

Your spell library contained the following spells:

 Spells                   Type           Power        Failure   Level  Hunger
 Magic Dart               Conj           ####         1%          1    None
 Shock                    Conj/Air       ###.         1%          1    None
 Summon Small Mammal      Summ           ####         1%          1    None
 Call Imp                 Summ           #####...     1%          2    None
 Passwall                 Tmut/Erth      ######..     1%          2    None
 Corona                   Hex            ##.....      2%          1    None
 Ensorcelled Hibernation  Hex/Ice        ##....       3%          2    None
 Slow                     Hex            ##......     3%          2    None
 Call Canine Familiar     Summ           #####...     1%          3    None
 Gell's Gravitas          Tloc           ######....   1%          3    None
 Summon Guardian Golem    Hex/Summ       ####....     1%          3    None
 Conjure Flame            Conj/Fire      ###.....     3%          3    None
 Dazzling Spray           Conj/Hex       ###...       3%          3    None
 Mephitic Cloud           Conj/Pois/Air  ###.....     4%          3    None
 Summon Ice Beast         Ice/Summ       ####....     4%          4    ##.....
 Ice Form                 Ice/Tmut       ####....     5%          4    ##.....
 Confuse                  Hex            ##......     7%          3    None
 Tukima's Dance           Hex            ##......     7%          3    None
 Yara's Violent Unravell  Hex/Tmut       ####......   14%         5    ####...
 Metabolic Englaciation   Hex/Ice        ##........   50%         5    ####...
 Monstrous Menagerie      Summ           #####.....   65%         7    #######
 Summon Greater Demon     Summ           #####.....   65%         7    #######
 Bolt of Cold             Conj/Ice       ###.......   80%         6    ######.
 Freezing Cloud           Conj/Ice/Air   ###.......   86%         6    ######.
 Ozocubu's Refrigeration  Ice            ##........   96%         6    ######.
 Simulacrum               Ice/Necr       ##........   96%         6    ######.
 Summon Horrible Things   Summ           #####.....   99%         8    #######


Dungeon Overview and Level Annotations

Branches:
Dungeon (15/15)            Temple (0/1) D:6            Lair (6/6) D:10
 Shoals (0/4) Lair:4        Snake (2/4) Lair:4        Slime (0/5) Lair:6
    Orc (2/2) D:10         Vaults (0/5) D:14
    Elf: Orc:2       Depths: D:15

Altars:
Dithmenos
Fedhas
Kikubaaqudgha
Nemelex Xobeh
Okawaru
Qazlal
Sif Muna
Trog
Uskayaw
Wu Jian
Xom
The Shining One
Beogh

Shops:
D:10 [   Orc:2 [*=(   Snake:1 ([

Annotations:
D:8 1 runed translucent door, steinardarri's ghost, novice TrMo
D:10 exclusion: ice statue
Lair:1 2 transporters, raph's ghost, journeyman DEWz
Lair:2 dragonscale333's ghost, journeyman GnCj
Lair:5 3 runed translucent doors, Otaguph's ghost, journeyman CeAM
Lair:6 1 transporter, exclusion: oklob plant, Aiteri's ghost, journeyman HOFi
Orc:2 Rupert


Innate Abilities, Weirdness & Mutations

You cannot wear armour.
You are incapable of wielding weapons or throwing items.
Your paws allow you to move quietly. (Stealth)
You have sharp claws.
You have razor-sharp teeth.
You have supernaturally acute eyesight. (SInv)
You are carnivorous and can eat meat at any time.
You cover ground quickly.
Your thick and shaggy fur keeps you warm. (AC +3, rC+)
You have a slow metabolism.
Your sharp claws are effective at attacking unaware monsters.


Message History

Confirm with . or Enter, or press ? or * to list all spells.
Aiming: Petrify (safe; 1% risk of failure)
Press: ? - help, Shift-Dir - straight line, f - salamander
Aim: a salamander, wielding a +1 antimagic trident (chance to defeat MR: 59%)
The salamander is moving more slowly.
The naga shouts!
The salamander hits you from afar with a +1 antimagic trident!
You are engulfed in flames!
You feel your power leaking away. The salamander completely misses you.
The salamander hits you from afar with a +1 antimagic trident!!
* * * LOW HITPOINT WARNING * * *
You are engulfed in flames!
* * * LOW HITPOINT WARNING * * *
You feel your power leaking away. The naga spits poison at you.
The splash of poison hits you!
You are poisoned.
You die...
Your body glows with a rainbow of weird colours and disappears.

### ######.######
###........##.#
...N..N.......###
#....N..@......##
##..............####.#
#.............#....#
##.............##### #
#...........### ##.
###.........#### #.#
....##.###...### #.#
.###..### #.....###.#
#.......#.##


You could see a naga warrior (wandering), a salamander (petrifying) and a naga.

Vanquished Creatures
  2 orc warlords
  A minotaur (Gauntlet)
  4 hydras
  3 naga warriors
  2 two-headed ogres
  5 anacondas
  A centaur warrior (D:14)
  2 dancing weapons (D:14)
  A shock serpent (Snake:1)
  3 death yaks
  An orc high priest (Orc:2)
  Sonja (D:11)
  4 naga sharpshooters (Snake:1)
  A wizard (Gauntlet)
  A glowing orange brain (D:9)
  2 unseen horrors (D:13)
  Pikel (D:7)
  A naga ritualist (Snake:1)
  3 orc knights
  2 mana vipers (Snake:1)
  An ugly thing (D:13)
  A wolf spider zombie (D:12)
  4 oklob plants
  6 orc sorcerers
  3 moths of wrath
  3 cyclopes
  A salamander (Lair:4)
  11 black mambas
  Maurice (D:12)
  A naga mage (Snake:2)
  18 elephants
  An apocalypse crab (Gauntlet)
  A guardian serpent (Lair:4)
  Joseph (D:10)
  An ice statue (Snake:1)
  2 gargoyles
  4 centaur skeletons
  A kobold demonologist (D:14)
  A rime drake (Lair:6)
  6 spiny frogs
  4 komodo dragons
  A merfolk (Lair:4)
  7 trolls
  A meliai (Lair:2)
  A hornet (Lair:6)
  7 hippogriffs
  6 slime creatures (D:12)
  22 blink frogs
  2 meliai zombies
  8 dream sheep
  Sigmund (D:4)
  3 wyverns
  A vampire (D:10)
  3 spriggans (Lair:6)
  36 yaks
  A basilisk (Lair:6)
  2 wargs
  7 nagas
  2 acid dragons
  2 soldier ants
  44 water moccasins
  Duvessa (D:7)
  16 porcupines
  38 orc warriors
  3 ice beasts
  2 sky beasts
  A black bear (D:10)
  2 phantoms (D:10)
  13 ogres
  6 centaurs
  14 wolves
  17 crocodiles
  7 big kobolds
  Blork the orc (D:6)
  17 bullfrogs
  Dowan (D:7)
  3 scorpions
  13 wights
  24 killer bees
  6 howler monkeys
  3 electric eels
  6 crimson imps
  3 centaur zombies
  A bullfrog zombie (D:12)
  16 orc priests
  6 hounds
  5 jellies
  25 orc wizards
  A bullfrog skeleton (D:12)
  4 iguanas
  6 worker ants
  A hound zombie (D:9)
  Robin (D:3)
  A howler monkey skeleton (D:10)
  6 gnolls
  41 adders
  5 shadow imps
  An ooze (D:3)
  An adder zombie (D:9)
  An adder skeleton (D:6)
  4 worms
  2 dart slugs (D:1)
  4 leopard geckos
  69 orcs
  3 ball pythons
  13 bats
  4 giant cockroaches
  12 goblins
  8 hobgoblins
  5 jackals
  4 quokkas
  7 frilled lizards
  A jackal skeleton (D:5)
  15 kobolds
  A quokka skeleton (D:5)
  10 rats
  3 plants (Lair:6)
754 creatures vanquished.

Vanquished Creatures (collateral kills)
  A catoblepas (Lair:6)
  A black mamba (Lair:3)
  8 yaks
  An orc wizard (Orc:2)
11 creatures vanquished.

Vanquished Creatures (others)
  An orc sorcerer (Orc:2)
  A yak (Lair:3)
  A slave (D:7)
  2 orc priests (Orc:2)
  3 orcs
  A kobold (D:14)
  7 bushes (Lair:6)
  25 fungi
  14 plants
  2 withered plants (D:8)
57 creatures vanquished.

Grand Total: 822 creatures vanquished

Notes
Turn   | Place    | Note
-------+----------+-------------------------------------------
     0 | D:1      | t4s4d4r the Felid Earth Elementalist began the quest for
                  | the Orb.
     0 | D:1      | Reached XP level 1. HP: 7/7 MP: 4/4
   245 | D:1      | Reached XP level 2. HP: 8/11 MP: 4/6
  1054 | D:1      | Reached XP level 3. HP: 14/14 MP: 5/8
  1059 | D:1      | Learned a level 3 spell: Stone Arrow
  1526 | D:1      | Reached skill level 1 in Conjurations
  2428 | D:2      | Reached XP level 4. HP: 10/18 MP: 6/10
  2781 | D:2      | Found a shadowy altar of Dithmenos.
  2788 | D:2      | Found a hide-covered altar of Uskayaw.
  2792 | D:2      | Found a sparkling altar of Nemelex Xobeh.
  2805 | D:2      | Became a worshipper of Nemelex Xobeh the Trickster
  2846 | D:3      | Received a gift from Nemelex Xobeh
  2979 | D:3      | Reached skill level 1 in Fighting
  3444 | D:3      | Reached XP level 5. HP: 23/23 MP: 4/11
  3508 | D:3      | Noticed Robin
  3524 | D:3      | Killed Robin
  4002 | D:3      | Reached * piety under Nemelex Xobeh
  4483 | D:3      | Gained mutation: You are covered in thick fur. (AC +2)
                  | [Felid growth]
  4483 | D:3      | Reached XP level 6. HP: 28/28 MP: 12/12
  4504 | D:4      | Noticed Sigmund
  4790 | D:4      | Killed Sigmund
  4870 | D:4      | Reached XP level 7. HP: 31/31 MP: 13/13
  4941 | D:4      | Reached skill level 1 in Invocations
  5030 | D:4      | Received a gift from Nemelex Xobeh
  5224 | D:5      | Entered Level 5 of the Dungeon
  5270 | D:5      | Found a blossoming altar of Fedhas.
  5729 | D:5      | Reached skill level 5 in Invocations
  5775 | D:5      | Reached XP level 8. HP: 34/34 MP: 5/14
  6138 | D:5      | Received a gift from Nemelex Xobeh
  6147 | D:5      | Reached ** piety under Nemelex Xobeh
  6170 | D:5      | Found an iron altar of Okawaru.
  6179 | D:5      | Reached skill level 5 in Earth Magic
  6299 | D:5      | Learned a level 5 spell: Lee's Rapid Deconstruction
  6304 | D:5      | Learned a level 4 spell: Petrify
  6887 | D:6      | Received a gift from Nemelex Xobeh
  7213 | D:6      | Noticed Blork the orc
  7255 | D:6      | Killed Blork the orc
  7572 | D:6      | Found a glowing golden altar of the Shining One.
  7579 | D:6      | Received a gift from Nemelex Xobeh
  7928 | D:6      | Found a deep blue altar of Sif Muna.
  8064 | D:6      | Found a staircase to the Ecumenical Temple.
  8230 | D:7      | Noticed Pikel
  8273 | D:7      | Killed Pikel
  8273 | D:7      | Reached XP level 9. HP: 37/37 MP: 14/15
  8357 | D:7      | Noticed Duvessa
  8357 | D:7      | Noticed Dowan
  8380 | D:7      | Killed Duvessa
  8594 | D:7      | Killed Dowan
  8727 | D:7      | Reached *** piety under Nemelex Xobeh
  8787 | D:7      | Found an ancient bone altar of Kikubaaqudgha.
  8809 | D:7      | Found a shimmering altar of Xom.
  8810 | D:7      | Found a shimmering altar of Xom.
  8810 | D:7      | Found a shimmering altar of Xom.
  8811 | D:7      | Found a shimmering altar of Xom.
  8811 | D:7      | Found a shimmering altar of Xom.
  8824 | D:7      | Received a gift from Nemelex Xobeh
  8929 | D:7      | Found a shimmering altar of Xom.
  8930 | D:7      | Found a shimmering altar of Xom.
  9037 | D:8      | Found a runed translucent door.
  9045 | D:8      | Noticed steinardarri's ghost (novice TrMo)
  9663 | D:8      | Reached skill level 5 in Dodging
  9866 | D:8      | Received a gift from Nemelex Xobeh
 10080 | D:8      | Reached **** piety under Nemelex Xobeh
 10372 | D:9      | Reached skill level 5 in Fighting
 10632 | D:9      | You fall through a shaft!
 10632 | D:10     | Entered Level 10 of the Dungeon
 11293 | D:9      | Noticed a two-headed ogre
 11309 | D:9      | Noticed a glowing orange brain
 11309 | D:9      | a two-headed ogre changed into a glowing orange brain
 11313 | D:9      | Killed a glowing orange brain
 11313 | D:9      | Reached skill level 5 in Spellcasting
 11313 | D:9      | Reached XP level 10. HP: 44/44 MP: 19/19
 11522 | D:9      | Received a gift from Nemelex Xobeh
 11523 | D:9      | Noticed an eight-headed hydra
 11524 | D:9      | Killed an eight-headed hydra
 11864 | D:9      | Found an ornate altar of the Wu Jian Council.
 12542 | D:10     | Noticed Joseph
 12887 | D:10     | Found Aqai's Antique Armour Emporium.
 13267 | D:10     | Reached skill level 1 in Unarmed Combat
 13368 | D:10     | Reached XP level 11. HP: 48/48 MP: 24/24
 14010 | D:10     | Found a staircase to the Lair.
 14027 | D:10     | Received a gift from Nemelex Xobeh
 15009 | D:11     | Reached skill level 1 in Evocations
 15405 | D:11     | Noticed Sonja
 15549 | D:11     | Reached skill level 5 in Stealth
 16019 | D:11     | Killed Sonja
 16218 | D:11     | Received a gift from Nemelex Xobeh
 16567 | D:12     | Found a flagged portal.
 16582 | Bailey   | Entered a bailey
 17236 | Bailey   | Received a gift from Nemelex Xobeh
 17437 | Bailey   | Reached ***** piety under Nemelex Xobeh
 17530 | Bailey   | Noticed an orc knight
 17545 | Bailey   | Killed an orc knight
 17545 | Bailey   | Reached skill level 10 in Stealth
 18115 | D:10     | Found a staircase to the Orcish Mines.
 18559 | D:12     | Gained mutation: Your thick and shaggy fur keeps you warm.
                  | (AC +3, rC+) [Felid growth]
 18559 | D:12     | Reached XP level 12. HP: 52/52 MP: 25/25
 18877 | D:12     | Noticed a two-headed ogre
 18908 | D:12     | Killed a two-headed ogre
 19002 | D:12     | Reached skill level 10 in Dodging
 19392 | D:12     | Noticed Maurice
 19397 | D:12     | Killed Maurice
 19955 | D:12     | HP: 1/54 [slime creature (16)]
 20368 | D:13     | Reached skill level 5 in Unarmed Combat
 20394 | D:13     | Received a gift from Nemelex Xobeh
 20642 | D:13     | Noticed an eight-headed hydra
 20921 | D:13     | Killed an eight-headed hydra
 21201 | D:13     | Learned a level 2 spell: Blink
 21253 | D:13     | Noticed an eight-headed hydra
 21276 | D:13     | Killed an eight-headed hydra
 21276 | D:13     | Reached skill level 1 in Translocations
 21500 | D:13     | Found the +1 cloak of Starlight {rElec rC+ EV+4 Stlth--}
 21514 | D:13     | Mangled by a wyvern
 21515 | D:13     | Reached XP level 11. HP: -8/52 MP: 16/33
 22027 | Lair:1   | Entered Level 1 of the Lair of Beasts
 22226 | Lair:1   | Received a gift from Nemelex Xobeh
 22282 | Lair:1   | Reached XP level 12. HP: 56/56 MP: 19/25
 22416 | Lair:1   | Noticed a catoblepas
 22417 | Lair:1   | Found a transporter.
 22500 | Lair:1   | Reached skill level 10 in Earth Magic
 22721 | Lair:1   | Received a gift from Nemelex Xobeh
 22900 | Lair:1   | Received a gift from Nemelex Xobeh
 22903 | Lair:1   | Found a transporter.
 22919 | Lair:1   | Noticed raph's ghost (journeyman DEWz)
 23284 | D:6      | Identified Sif Muna's Handbook of Arcane Weapons
 24131 | Lair:2   | Received a gift from Nemelex Xobeh
 24145 | Lair:2   | Reached skill level 5 in Transmutations
 24421 | Lair:2   | Found a transporter.
 24423 | Lair:2   | Found a transporter.
 24425 | Lair:2   | Noticed dragonscale333's ghost (journeyman GnCj)
 24922 | Lair:2   | Reached ****** piety under Nemelex Xobeh
 24923 | Lair:2   | Received a gift from Nemelex Xobeh
 26219 | Lair:3   | Received a gift from Nemelex Xobeh
 27468 | Lair:4   | Received a gift from Nemelex Xobeh
 27974 | Lair:4   | Reached skill level 5 in Evocations
 27974 | Lair:4   | Reached XP level 13. HP: 54/59 MP: 15/26
 27998 | Lair:4   | Found a staircase to the Snake Pit.
 28000 | Lair:4   | Received a gift from Nemelex Xobeh
 28127 | Lair:4   | Found a staircase to the Shoals.
 28619 | Lair:4   | Received a gift from Nemelex Xobeh
 29795 | Lair:5   | Got a warped ivory ring
 30431 | Lair:5   | Received a gift from Nemelex Xobeh
 30813 | Lair:5   | Found a runed translucent gate.
 30813 | Lair:5   | Found a runed translucent gate.
 30813 | Lair:5   | Found a runed translucent gate.
 30815 | Lair:5   | Noticed Otaguph's ghost (journeyman CeAM)
 30858 | Lair:5   | Received a gift from Nemelex Xobeh
 31774 | Lair:6   | Entered Level 6 of the Lair of Beasts
 32328 | Lair:5   | Identified the ring of Elyvilon's Pride {+Fly rElec MP+9
                  | Int-2} (You found it on level 5 of the Lair of Beasts)
 32536 | Lair:6   | Received a gift from Nemelex Xobeh
 33771 | Lair:6   | Identified the +11 rapier of Prudence {pierce, Dex+2}
 33774 | Lair:6   | Noticed Aiteri's ghost (journeyman HOFi)
 33775 | Lair:6   | Identified the +9 spear of the Pit {drain, MR+ Int+2}
 33797 | Lair:6   | Found a transporter.
 33798 | Lair:6   | Found a bloodstained altar of Trog.
 33803 | Lair:6   | Found a staircase to the Slime Pits.
 33805 | Lair:6   | Found a transporter.
 33815 | Lair:6   | Learned a level 1 spell: Confusing Touch
 34151 | Lair:5   | Mangled by a death yak
 34152 | Lair:5   | Reached XP level 12. HP: -12/56 MP: 34/34
 34235 | Lair:5   | Killed a death yak
 34433 | Lair:4   | Killed a death yak
 34857 | Lair:6   | Reached XP level 13. HP: 49/60 MP: 14/26
 35142 | Lair:6   | Received a gift from Nemelex Xobeh
 35253 | Lair:6   | Reached XP level 14. HP: 64/64 MP: 27/27
 37252 | D:14     | Found a stormy altar of Qazlal.
 37690 | D:14     | Received a gift from Nemelex Xobeh
 38159 | D:14     | Found a gate to the Vaults.
 38487 | D:14     | Received a gift from Nemelex Xobeh
 38946 | D:15     | Entered Level 15 of the Dungeon
 39034 | Orc:1    | Entered Level 1 of the Orcish Mines
 39050 | D:10     | Learned a level 4 spell: Summon Lightning Spire
 39492 | D:10     | Reached skill level 1 in Summonings
 39816 | D:10     | Learned a level 7 spell: Malign Gateway
 39934 | D:10     | Killed Joseph
 41519 | D:10     | Received a gift from Nemelex Xobeh
 41573 | D:10     | Reached skill level 5 in Translocations
 41794 | Orc:1    | Noticed an orc warlord
 42323 | D:10     | Killed an orc warlord
 42585 | Orc:2    | Entered Level 2 of the Orcish Mines
 42607 | Orc:2    | Received a gift from Nemelex Xobeh
 42634 | Orc:2    | Noticed Rupert
 42809 | Orc:2    | Found a gate leading to a gauntlet.
 42825 | Gauntlet | Entered a Gauntlet
 42825 | Gauntlet | Received a gift from Nemelex Xobeh
 42825 | Gauntlet | Found a runed translucent gate.
 42825 | Gauntlet | Found a transporter.
 42825 | Gauntlet | Found a transporter.
 42825 | Gauntlet | Found a transporter.
 42828 | Gauntlet | Found a runed translucent gate.
 42829 | Gauntlet | Found a runed translucent gate.
 42839 | Gauntlet | Found a transporter.
 42839 | Gauntlet | Found a transporter.
 42842 | Gauntlet | Found a transporter.
 42846 | Gauntlet | Found a runed translucent door.
 42846 | Gauntlet | Found a runed translucent door.
 42853 | Gauntlet | Found a transporter.
 42853 | Gauntlet | Found a transporter.
 42854 | Gauntlet | Found the ring of the Mage {Wiz MR++ Int+3}
 42854 | Gauntlet | Found a transporter.
 42856 | Gauntlet | Found a transporter.
 42867 | Gauntlet | Found a transporter.
 42871 | Gauntlet | Found a transporter.
 43334 | Gauntlet | Got a sparkling wooden ring
 43341 | Gauntlet | Identified the ring of the Black Skies {AC+3 Str+2 Dex+5}
                  | (You found it in a Gauntlet)
 43433 | Orc:2    | Noticed an orc warlord
 44051 | Orc:1    | Killed an orc warlord
 44162 | Orc:2    | Found a roughly hewn altar of Beogh.
 44227 | Orc:2    | Received a gift from Nemelex Xobeh
 44658 | Orc:2    | Found a roughly hewn altar of Beogh.
 44706 | Orc:2    | Found Temyrum's General Store.
 44725 | Orc:2    | Found Giotweda's Antique Armour Boutique.
 44882 | Orc:2    | Found Birov's Jewellery Boutique.
 44898 | Orc:2    | Found Jokkit's Antique Weapon Boutique.
 44921 | Orc:2    | Bought a scroll of teleportation for 45 gold pieces
 44921 | Orc:2    | Bought a scroll of identify for 30 gold pieces
 44921 | Orc:2    | Bought a potion of might for 60 gold pieces
 45369 | Lair:2   | Got a vibrating lead amulet
 45400 | Lair:2   | Killed from afar by dragonscale333's ghost
 45401 | Lair:2   | Reached XP level 13. HP: -5/60 MP: 14/26
 45638 | Lair:6   | Reached skill level 5 in Summonings
 45904 | Lair:6   | Noticed a dire elephant
 45990 | Lair:6   | Noticed a dire elephant
 46116 | Lair:6   | Slain by a spriggan berserker
 46117 | Lair:6   | Reached XP level 12. HP: -3/57 MP: 2/25
 46122 | Lair:6   | Identified the amulet "Xebau" {Spirit rPois rC+ Slay-6}
                  | (You found it on level 2 of the Lair of Beasts)
 46177 | Snake:1  | Entered Level 1 of the Snake Pit
 46179 | Snake:1  | Noticed an anaconda
 46183 | Snake:1  | Noticed a naga warrior
 46375 | Lair:4   | Reached XP level 13. HP: 57/60 MP: 11/26
 47110 | Snake:1  | Found Deehu's Antique Armour Emporium.
 47110 | Snake:1  | Found Xuhapi's Antique Weapon Shoppe.
 47688 | Snake:1  | You fall through a shaft!
 47688 | Snake:2  | Received a gift from Nemelex Xobeh
 47690 | Snake:2  | Reached skill level 10 in Translocations
 48623 | Snake:1  | Received a gift from Nemelex Xobeh
 49172 | Snake:1  | Killed from afar by a naga

Skill      XL: |  1  2  3  4  5  6  7  8  9 10 11 12 13 14 |
---------------+-------------------------------------------+-----
Spellcasting   | 3 5 8 |  8.8
Conjurations   | 1 2 3 4 |  4.0
Earth Magic    | 3 4 8 9 12 11 | 12.1
Fighting       | 2 3 5 6 9 |  9.1
Invocations    | 5 7 |  7.8
Dodging        | 6 8 10 12 | 12.7
Unarmed Combat | 1 3 6 8 |  8.6
Stealth        | 10 11 | 11.9
Evocations     | 4 5 6 |  6.1
Translocations | 4 2 11 8 | 11.1
Transmutations | 3 7 |  7.1
Summonings     | 7 4 |  7.3

Action                   |  1- 3 |  4- 6 |  7- 9 | 10-12 | 13-15 || total
-------------------------+-------+-------+-------+-------+-------++-------
Melee: Unarmed           |    94 |    38 |    83 |   131 |   344 ||   690
       Bite              |     5 |     6 |     6 |     4 |    40 ||    61
       Punch             |       |       |       |       |     9 ||     9
 Cast: Sandblast         |    43 |    81 |    72 |    36 |    45 ||   277
       Stone Arrow       |       |       |   150 |   536 |   336 ||  1022
       Lee's Rapid Decon |       |       |     1 |   114 |   138 ||   253
       Petrify           |       |       |       |     7 |    52 ||    59
       Confusing Touch   |       |       |       |     1 |     2 ||     3
 Abil: Draw Destruction  |       |       |     3 |    10 |     7 ||    20
       Draw Escape       |       |       |     1 |       |       ||     1
       Draw Summoning    |       |       |       |     4 |     2 ||     6
Evoke: Wand              |       |       |       |       |     2 ||     2
  Use: Scroll            |     5 |     1 |     9 |    14 |    14 ||    43
       Potion            |       |       |       |     1 |     1 ||     2
 Stab: Sleeping          |     2 |     5 |     3 |    13 |     7 ||    30
       Petrified         |       |       |       |     3 |    50 ||    53
       Confused          |       |       |       |     1 |     3 ||     4
       Petrifying        |       |       |       |       |     3 ||     3
       Distracted        |       |       |       |       |     1 ||     1
  Eat: Chunk             |    10 |     5 |    24 |    55 |    68 ||   162
       Ration            |       |       |       |       |     2 ||     2
Armor: Skin              |    12 |     6 |    14 |    12 |    34 ||    78
Dodge: Dodged            |   110 |    50 |   147 |   397 |   545 ||  1249
Block: Other             |       |       |    20 |    42 |    68 ||   130
       Reflection        |       |       |     1 |     5 |     1 ||     7
